 Dungeon Sprint DCSS version 0.17-a0-1528-gfee3901 (webtiles) character file.

827 ztt the Quickloader (level 7, -9/67 HPs)
             Began as a Centaur Hunter on July 15, 2015.
             Was an Initiate of Okawaru.
             Mangled by a shadow (26 damage)
             ... in the Dungeon (Sprint III: "The Ten Rune Challenge").
             The game lasted 00:05:49 (1586 turns).

ztt the Quickloader (Centaur Hunter)                Turns: 1586, Time: 00:05:49

Health: -9/67      AC:  5    Str: 17    XL:     7   Next: 64%
Magic:  7/7        EV: 11    Int: 10    God:    Okawaru [......]
Gold:   26         SH:  0    Dex:  9    Spells: 0 memorised, 6 levels left

rFire  . . .     SeeInvis .     c - +0 short sword
rCold  . . .     Clarity  .     d - +0 leather armour
rNeg   . . .     SustAt   .     (no shield)
rPois  .         Gourm    .     (no helmet)
rElec  .         Spirit   .     (no cloak)
rCorr  .         Warding  .     (no gloves)
rMut   .         NoTele   +     (no barding)
MR     .....                    (no amulet)
Stlth  +.........               (no ring)
                                (no ring)

@: very quick, not resistant to hostile enchantments, very unstealthy
A: hooves 3, deformed body, speed 2, tough skin 3
a: Renounce Religion


You were in the Dungeon.
You worshipped Okawaru.
Okawaru was noncommittal.
You were not hungry.

You visited 1 branch You collected 26 gold pieces.

Inventory:

Hand weapons
 a - a +1 hand crossbow
 c - a +0 short sword (weapon)
Armour
 d - a +0 leather armour (worn)
Magical devices
 g - a wand of magic darts (11)
Scrolls
 k - a scroll of blinking
 l - 3 scrolls of identify
 o - 3 scrolls of remove curse
Potions
 f - 2 potions of curing
 i - 2 potions of magic
 p - 2 potions of cure mutation
 q - 3 potions of flight
Comestibles
 e - a bread ration
 s - a meat ration


   Skills:
 + Level 7.7 Fighting
 + Level 1.4 Short Blades
 - Level 11.5 Crossbows
 + Level 5.4 Armour
 + Level 6.1 Dodging
 - Level 2.7 Stealth


You had 6 spell levels left.
You didn't know any spells.

Dungeon Overview and Level Annotations

Branches:
Dungeon (1/1)

Altars:
Cheibriados
Elyvilon
Fedhas
Okawaru
Trog
Yredelemnul
Zin
The Shining One


Innate Abilities, Weirdness & Mutations

You have hooves in place of feet.
Armour fits poorly on your strangely shaped body.
You cover ground very quickly.
You have extremely tough skin (AC +3).


Message History

The shadow is severely damaged.
The shadow closely misses you.
You closely miss the shadow.
The shadow is severely damaged.
The shadow completely misses you.
You hit the shadow.
The shadow is almost destroyed.
The shadow misses you.
You hit the shadow but do no damage.
The shadow is almost destroyed.
The shadow hits you.
* * * LOW HITPOINT WARNING * * *
You barely miss the shadow.
The shadow is almost destroyed.
The shadow slips into darkness.
The shadow flickers and vanishes!
Deactivating autopickup; reactivate with Ctrl-A.
You miss something. You kick something.
The shadow strikes at you from the darkness!
You die...

▓▓▓▓ ▓▓▓ ...♣♣
♣.############ ....♣♣♣
♣♣.#___#__[#__# ....♣.♣
♣..#...#...#._# ....≈.♣
♣♣.###'#'###'##
...≈≈.♣♣♣..#.....(....#
..≈≈≈≈.♣♣..'.⌠..@{..(.#
..≈≈≈≈≈≈...#...######'#
.≈≈≈≈≈≈..†.#.⌠.# #...#
.≈≈≈≈≈.....#...# #...#
.≈≈≈.......#+### #..J#
...........# #..%+
)..........# +...#
▓▓▓▓▓▓▓▓▓▓▓▓ ▓▓▓▓▓


There were no monsters in sight!

Vanquished Creatures
  A deep elf priest (D)
  A necrophage (D)
  A water elemental (D)
  A scorpion (D)
  A jelly (D)
  Jessica (D)
  A necromancer (D)
  3 humans (D)
  An ooze (D)
  2 rats (D)
13 creatures vanquished.

Vanquished Creatures (others)
  2 draconian scorchers (D)
  A yaktaur (D)
  A plant (D)
4 creatures vanquished.

Grand Total: 17 creatures vanquished

Notes
Turn   | Place    | Note
--------------------------------------------------------------
     0 | D        | ztt the Centaur Hunter began the quest for the Orb.
     0 | D        | Reached XP level 1. HP: 17/17 MP: 1/1
     4 | D        | Reached skill level 5 in Crossbows
    16 | D        | Noticed Jessica
    19 | D        | Killed Jessica
    19 | D        | Reached skill level 7 in Crossbows
    19 | D        | Reached XP level 2. HP: 23/25 MP: 2/2
    19 | D        | Reached XP level 3. HP: 27/30 MP: 3/3
    35 | D        | Killed a yaktaur
    86 | D        | Reached skill level 8 in Crossbows
   116 | D        | Noticed a scorpion
   129 | D        | Killed a scorpion
   129 | D        | Reached skill level 10 in Crossbows
   129 | D        | Reached XP level 4. HP: 37/37 MP: 4/4
   208 | D        | Killed a white draconian scorcher
   249 | D        | Killed a white draconian scorcher
   323 | D        | Noticed a water elemental
   344 | D        | Killed a water elemental
   344 | D        | Reached skill level 11 in Crossbows
   344 | D        | Reached XP level 5. HP: 43/45 MP: 5/5
   369 | D        | Found a glowing silver altar of Zin.
   370 | D        | Found a glowing golden altar of the Shining One.
   370 | D        | Found a white marble altar of Elyvilon.
   370 | D        | Noticed a deep elf priest
   681 | D        | Killed a deep elf priest
   681 | D        | Reached skill level 5 in Fighting
   681 | D        | Reached XP level 6. HP: 34/57 MP: 6/6
   859 | D        | Found an iron altar of Okawaru.
   859 | D        | Found a bloodstained altar of Trog.
   859 | D        | Noticed a human
   860 | D        | Noticed a human
   965 | D        | Killed a human
   965 | D        | Reached skill level 5 in Dodging
   965 | D        | Reached XP level 7. HP: 6/64 MP: 7/7
  1334 | D        | Killed a human
  1334 | D        | Reached skill level 1 in Short Blades
  1334 | D        | Reached skill level 5 in Armour
  1360 | D        | Became a worshipper of Warmaster Okawaru
  1366 | D        | Found a basalt altar of Yredelemnul.
  1366 | D        | Found a snail-covered altar of Cheibriados.
  1366 | D        | Found a blossoming altar of Fedhas.
  1366 | D        | Noticed a necrophage
  1366 | D        | Noticed a necromancer
  1374 | D        | Killed a necromancer
  1385 | D        | Killed a necrophage
  1551 | D        | Noticed a jelly
  1552 | D        | Noticed a shadow
  1562 | D        | Killed a jelly
  1586 | D        | Mangled by a shadow

Vault maps used:
D:        dungeon_sprint_mu

Action                   |  1- 3 |  4- 6 |  7- 9 || total
-------------------------+-------+-------+-------++-------
Melee: Short sword       |       |    25 |    14 ||    39
       Hand crossbow     |       |       |     3 ||     3
 Fire: Hand crossbow     |    21 |    38 |    22 ||    81
  Use: Scroll            |       |     3 |       ||     3
       Potion            |       |     4 |       ||     4
  Eat: Bread ration      |       |       |     1 ||     1
